 Dungeon Crawl Stone Soup version 0.25-a0-730-g633e9c3c14 (webtiles) character file.

Game seed: 8142528332640043115, levelgen mode: deterministic

14127 sanka the Fighter (level 12, -3/105 HPs)
             Began as a Barachi Ice Elementalist on Apr 7, 2020.
             Was an Elder of Vehumet.
             Slain by a seven-headed hydra (6 damage)
             ... on level 1 of the Lair of Beasts.
             The game lasted 00:40:19 (15736 turns).

sanka the Fighter (Barachi Ice Elementalist)       Turns: 15736, Time: 00:40:20

Health: -3/105     AC: 17    Str: 10    XL:     12   Next: 13%
Magic:  4/21       EV: 20    Int: 20    God:    Vehumet [****..]
Gold:   516        SH:  0    Dex: 13    Spells: 8/23 levels left

rFire    . . .     SeeInvis .   j - +2 scimitar (flame)
rCold    . . .     Gourm    .   (no shield)
rNeg     . . .     Faith    .   I - +1 steam dragon scales
rPois    .         Spirit   .   O - +1 helmet
rElec    .         Reflect  .   s - +0 cloak
rCorr    .         Harm     .   (no gloves)
MR       .....                  n - +0 pair of boots
Stlth    ++++......             (no amulet)
HPRegen  0.27/turn              e - ring of stealth
MPRegen  0.17/turn              K - ring of stealth

@: icy armour, slow
A: +LOS, swims, slowness 1, strong legs 1
a: Hop, Renounce Religion


You were on level 1 of the Lair of Beasts.
You worshipped Vehumet.
Vehumet was greatly pleased with you.
You were not hungry.

You visited 3 branches of the dungeon, and saw 12 of its levels.
You also visited: Sewer.

You collected 726 gold pieces.
You spent 210 gold pieces at shops.


Innate Abilities, Weirdness & Mutations

You can be seen from farther away. (+LOS)
You can swim through water.
You cover ground slowly.
You can hop short distances.


   Skills:
 - Level 13.0 Fighting
 * Level 12.7 Dodging
 - Level 1.7 Stealth
 - Level 6.0 Spellcasting
 - Level 2.0 Conjurations
 - Level 2.0 Summonings
 - Level 11.0 Ice Magic


You had 8 spell levels left.
You knew the following spells:

 Your Spells              Type           Power        Failure   Level  Hunger
a - Ozocubu's Armour      Chrm/Ice       ####....     3%          3    ##.....
u - Hailstorm             Conj/Ice       ####....     1%          4    ####...
x - Summon Ice Beast      Ice/Summ       ####....     7%          4    ####...
y - Frozen Ramparts       Ice            ######       1%          3    ##.....
z - Freeze                Ice            ####         1%          1    None

Your spell library contained the following spells:

 Spells                   Type           Power        Failure   Level  Hunger
 Ignite Poison            Fire/Tmut/Pois #.......     9%          3    ##.....
 Ensorcelled Hibernation  Hex/Ice        ####..       1%          2    None
 Summon Small Mammal      Summ           ##..         4%          1    None
 Dazzling Flash           Conj/Hex       ##....       5%          3    ##.....
 Animate Skeleton         Necr           N/A          11%         1    None
 Apportation              Tloc           #.....       11%         1    None
 Corona                   Hex            #......      11%         1    None
 Confusing Touch          Hex            #.......     30%         3    ##.....
 Tukima's Dance           Hex            #.......     30%         3    ##.....

Inventory:

Hand Weapons
 a - a +2 falchion of electrocution
 j - a +2 scimitar of flaming (weapon)
 l - a +0 halberd
 u - a +3 quarterstaff of chaos
Missiles
 B - 6 curare-tipped darts {=f}
 G - 3 throwing nets {=f}
Armour
 n - a +0 pair of boots (worn)
 s - a +0 cloak (worn)
 C - a +2 kite shield of fire resistance
 I - +1 steam dragon scales (worn)
 O - a +1 helmet (worn)
Magical Staves
 H - an uncursed staff of conjuration {!a}
Jewellery
 e - a ring of stealth (left hand)
 K - a ring of stealth (right hand)
Wands
 h - a wand of iceblast (10)
 m - a wand of polymorph (3)
 t - a wand of random effects (17)
 D - a wand of disintegration (4)
 L - a wand of scattershot (1)
Scrolls
 f - 2 scrolls of identify {@r1}
 p - 5 scrolls of teleportation {@r4}
 q - 11 scrolls of remove curse
 x - a scroll of enchant armour
 y - 2 scrolls of fear
 z - 2 scrolls of amnesia
 N - a scroll of fog
 P - a scroll of torment {!r}
 Q - a scroll of blinking
Potions
 b - 2 potions of invisibility {unknown}
 d - 6 potions of brilliance
 g - 5 potions of curing {@q1}
 i - a potion of cancellation {unknown}
 k - a potion of degeneration {unknown}
 o - 4 potions of heal wounds {@q2}
 r - 4 potions of flight
 w - a potion of mutation {unknown}
 A - a potion of berserk rage {unknown}
 E - a potion of haste {unknown}
 F - 2 potions of magic {unknown}
 M - a potion of stabbing {unknown}
Comestibles
 c - 23 rations

Dungeon Overview and Level Annotations

Branches:
Dungeon (10/15)            Temple (1/1) D:5            Lair (1/6) D:9
    Orc (0/2) D:10          Sewer (visited)

Altars:
Ashenzari
Cheibriados
Dithmenos
Elyvilon
Fedhas
Gozag
Hepliaklqana
Kikubaaqudgha
Makhleb
Nemelex Xobeh
Okawaru
Qazlal
Ru
Sif Muna
Trog
Uskayaw
Vehumet
Wu Jian
Xom
Yredelemnul
Zin
The Shining One

Shops:
D:6 %   D:9 [   D:10 :

Annotations:
D:6 1 runed translucent door, Uhlv's ghost, novice MiWr

............ .....
....▒▒ff▒▒▒▒▒▒....
▒............▒....
....P........▒...▒
▒...▒........▒...▒
▒............▒...▒
....▒........▒...▒
▒...f........▒..D▒
▒...............F▒
.......f.▒▒▒▒....▒▒▒▒ ▒▒▒
....................▒▒▒.▒
f..P....................▒
........................▒
........................▒
......▒▒▒▒+▒▒...........▒
......▒ ▒...........▒
▒▒...▒▒ . ▒▒.▒▒.+▒.▒.▒▒


You could see a seven-headed hydra.


Message History

The seven-headed hydra closely misses you.
The seven-headed hydra bites you but does no damage.
The seven-headed hydra bites you but does no damage.
Unknown command.
Unknown command.
You barely miss the seven-headed hydra.
The seven-headed hydra is severely wounded.
The seven-headed hydra bites you but does no damage.
The seven-headed hydra closely misses you.
The seven-headed hydra closely misses you.
The seven-headed hydra completely misses you.
The seven-headed hydra bites you.
* * * LOW HITPOINT WARNING * * *
The seven-headed hydra misses you.
The seven-headed hydra completely misses you.
Unknown command.
Aiming: Freeze (safe; 1% risk of failure)
Aim: a seven-headed hydra (severely wounded)
You freeze the seven-headed hydra.
The seven-headed hydra is severely wounded.
The seven-headed hydra misses you. The seven-headed hydra bites you!
* * * LOW HITPOINT WARNING * * *
The seven-headed hydra bites you.
* * * LOW HITPOINT WARNING * * *
The seven-headed hydra bites you but does no damage.
The seven-headed hydra bites you!
* * * LOW HITPOINT WARNING * * *
The seven-headed hydra bites you.
You die...

Action                   |  1- 3 |  4- 6 |  7- 9 | 10-12 || total
-------------------------+-------+-------+-------+-------++-------
Melee: Whip              |    11 |    18 |       |       ||    29
       Quarterstaff      |       |    10 |    12 |       ||    22
       Great sword       |       |     2 |    26 |       ||    28
       Falchion          |       |       |    57 |   145 ||   202
       Scimitar          |       |       |       |     6 ||     6
 Cast: Freeze            |    43 |    63 |    94 |   132 ||   332
       Frozen Ramparts   |       |    11 |    22 |    32 ||    65
       Summon Ice Beast  |       |     3 |     4 |     9 ||    16
       Ozocubu's Armour  |       |     2 |    17 |    31 ||    50
       Hailstorm         |       |       |       |     1 ||     1
 Abil: Hop               |       |       |     1 |     2 ||     3
Evoke: Wand              |       |       |     1 |     3 ||     4
  Use: Scroll            |       |       |       |    14 ||    14
       Potion            |       |       |       |     1 ||     1
 Stab: Sleeping          |       |     3 |     2 |     5 ||    10
  Eat: Chunk             |     2 |    11 |    18 |    12 ||    43
       Ration            |       |       |     2 |     3 ||     5
Armor: Robe              |     5 |    12 |       |       ||    17
       Leather armour    |       |       |    52 |       ||    52
       Steam dragon scal |       |       |    20 |   149 ||   169
Dodge: Dodged            |    28 |    59 |   118 |   347 ||   552
       Rpst.: Great sword |       |       |     9 |       ||     9
       Falchion          |       |       |    22 |    74 ||    96
       Scimitar          |       |       |       |     1 ||     1

Levels and vault maps discovered:
D:1:      dpeg_arrival_renting, layout_basic, minmay_lizard_pond
D:2:      minmay_alternating_diamond, layout_loops_ring, serial_rivers,
          chequers_serial_rivers_small_b, chequers_serial_rivers_small_3,
          chequers_serial_rivers_micro_b, chequers_serial_rivers_room_b,
          chequers_serial_rivers_large_b, first_ration, uniq_natasha
D:3:      layout_basic, cheibrodos_sewer_entry_drain, uniq_crazy_yiuf_cottage
D:4:      wad_pebble_path, layout_layer_cave, uniq_eustachio, uniq_ijyb
D:5:      layout_cave_pools, minmay_temple_entry_statues_fountains, basic_altar,
          corexii_checkpoint_a
D:6:      layout_layer_cave, ebering_ghost_xom, serial_shops, shop,
          kennysheep_generic_room_9, uniq_pikel, uniq_grinder
D:7:      layout_cave_pods, uniq_maggie
D:8:      layout_basic, basic_altar, uniq_prince_ribbit1
D:9:      layout_loops_corners, kennysheep_mini, minmay_lair_entry_grove,
          special_room [special_room_orc], serial_shops, shop
D:10:     minmay_sliced_demisemicircle, layout_basic, orc_0_dummy, serial_shops,
          shop_fountains, david_nohive_1, minmay_misc_feat_iff, uniq_erica
Temple:   compressed_dpeg_circular_temple
Lair:1:   layout_regular_city, minivault_25, tgw_fedhas, grunt_megastairs_3,
          infiniplex_staircase_pool, minmay_lair_oklob_chamber,
          lemuel_fruit_tree, serial_bayou_shore_b, lemuel_fruit_fields

Notes
Turn   | Place    | Note
-------+----------+-------------------------------------------
     0 | D:1      | sanka the Barachi Ice Elementalist began the quest for the
                  | Orb.
     0 | D:1      | Reached XP level 1. HP: 13/13 MP: 3/3
   306 | D:1      | Reached XP level 2. HP: 19/19 MP: 1/5
   335 | D:1      | Reached skill level 3 in Spellcasting
  1099 | D:2      | Reached XP level 3. HP: 8/24 MP: 0/8
  1294 | D:2      | Learned a level 3 spell: Frozen Ramparts
  1298 | D:2      | Learned a level 3 spell: Ozocubu's Armour
  1369 | D:2      | Noticed Natasha
  1378 | D:2      | Killed Natasha
  1378 | D:2      | Reached skill level 5 in Ice Magic
  1433 | D:2      | Noticed Natasha
  1445 | D:2      | Killed Natasha
  1445 | D:2      | Reached XP level 4. HP: 11/30 MP: 3/9
  1765 | D:2      | Noticed Natasha
  1771 | D:2      | Reached skill level 4 in Spellcasting
  1775 | D:2      | Reached skill level 6 in Ice Magic
  1777 | D:2      | Reached XP level 5. HP: 15/35 MP: 4/11
  1781 | D:2      | Killed Natasha
  2146 | D:2      | Learned a level 4 spell: Summon Ice Beast
  2254 | D:2      | Reached skill level 7 in Ice Magic
  2763 | D:3      | Found a glowing drain.
  2821 | Sewer    | Entered a sewer
  2902 | Sewer    | Noticed a big kobold
  2913 | Sewer    | Killed a big kobold
  2913 | Sewer    | Reached XP level 6. HP: 25/41 MP: 1/12
  3044 | Sewer    | Found a glowing silver altar of Zin.
  3336 | D:3      | Reached skill level 8 in Ice Magic
  3840 | D:3      | Found a runed translucent door.
  3841 | D:3      | Noticed Crazy Yiuf
  3855 | D:3      | Killed Crazy Yiuf
  4414 | D:4      | Noticed a phantom
  4429 | D:4      | Reached skill level 1 in Fighting
  4457 | D:4      | Killed a phantom
  4457 | D:4      | Reached skill level 1 in Summonings
  4457 | D:4      | Reached XP level 7. HP: 15/48 MP: 4/13
  4682 | D:4      | Noticed Eustachio
  4697 | D:4      | Killed Eustachio
  4697 | D:4      | Reached skill level 2 in Fighting
  4697 | D:4      | Reached skill level 3 in Dodging
  4697 | D:4      | Reached skill level 2 in Summonings
  4777 | D:4      | Noticed Ijyb
  4788 | D:4      | Killed Ijyb
  4897 | D:4      | Reached skill level 9 in Ice Magic
  5343 | D:4      | Reached XP level 8. HP: 57/57 MP: 8/14
  5403 | D:4      | Reached skill level 3 in Fighting
  6284 | D:5      | Entered Level 5 of the Dungeon
  6659 | D:5      | Reached skill level 4 in Dodging
  6739 | D:5      | Found a staircase to the Ecumenical Temple.
  6767 | Temple   | Entered the Ecumenical Temple
  6820 | Temple   | Became a worshipper of Vehumet
  7045 | D:5      | Found a shimmering altar of Xom.
  7324 | D:6      | Found Viorghaoz's Food Boutique.
  7331 | D:6      | Noticed Pikel
  7332 | D:6      | Noticed Grinder
  7339 | D:6      | Killed Pikel
  7339 | D:6      | Reached skill level 4 in Fighting
  7339 | D:6      | Reached skill level 5 in Spellcasting
  7339 | D:6      | Reached skill level 10 in Ice Magic
  7339 | D:6      | Reached XP level 9. HP: 19/66 MP: 1/16
  7362 | D:6      | Killed Grinder
  7362 | D:6      | Reached skill level 5 in Dodging
  7574 | D:6      | Learned a level 4 spell: Hailstorm
  7657 | D:6      | Reached skill level 5 in Fighting
  8177 | D:6      | Found a runed translucent door.
  8177 | D:6      | Found a shimmering altar of Xom.
  8177 | D:6      | Noticed a +0 whip of chaos
  8177 | D:6      | Noticed Uhlv's ghost (novice MiWr)
  8384 | D:6      | Reached skill level 1 in Conjurations
  8941 | D:7      | Identified +1 steam dragon scales
  8941 | D:7      | Noticed Maggie
  8962 | D:7      | Killed Maggie
  8962 | D:7      | Reached skill level 6 in Fighting
  8962 | D:7      | Reached skill level 6 in Dodging
  8962 | D:7      | Reached skill level 2 in Conjurations
  8962 | D:7      | Reached skill level 11 in Ice Magic
 10194 | D:8      | Reached skill level 6 in Spellcasting
 10288 | D:8      | Reached skill level 7 in Fighting
 10288 | D:8      | Reached skill level 7 in Dodging
 10389 | D:8      | Noticed Prince Ribbit
 10395 | D:8      | Reached * piety under Vehumet
 10395 | D:8      | Offered knowledge of Foxfire by Vehumet.
 10399 | D:8      | Killed Prince Ribbit
 10399 | D:8      | Reached XP level 10. HP: 80/80 MP: 10/19
 10821 | D:8      | Found an ornate altar of the Wu Jian Council.
 10998 | D:9      | Reached skill level 8 in Fighting
 11076 | D:9      | Found a staircase to the Lair.
 11083 | D:9      | Reached skill level 8 in Dodging
 11093 | D:9      | Reached skill level 9 in Fighting
 11260 | D:9      | Found a white marble altar of Elyvilon.
 11569 | D:9      | Reached ** piety under Vehumet
 11608 | D:9      | Offered knowledge of Searing Ray by Vehumet.
 11639 | D:9      | Reached skill level 9 in Dodging
 11802 | D:9      | Offered knowledge of Inner Flame by Vehumet.
 12107 | D:9      | Found Paaco's Antique Armour Shoppe.
 12130 | D:9      | Bought a runed helmet for 210 gold pieces
 12222 | D:10     | Entered Level 10 of the Dungeon
 12222 | D:10     | Noticed Erica
 12229 | D:10     | Killed Erica
 12229 | D:10     | Reached *** piety under Vehumet
 12229 | D:10     | Reached skill level 10 in Fighting
 12265 | D:10     | Reached skill level 10 in Dodging
 12265 | D:10     | Reached XP level 11. HP: 73/92 MP: 13/20
 12468 | D:10     | Found a staircase to the Orcish Mines.
 12496 | D:10     | Offered knowledge of Static Discharge by Vehumet.
 12496 | D:10     | Reached skill level 11 in Fighting
 13045 | D:10     | Killed an unseen horror
 13045 | D:10     | Reached skill level 11 in Dodging
 13047 | D:10     | Reached **** piety under Vehumet
 13218 | D:10     | Noticed a tengu warrior
 13234 | D:10     | Killed a tengu warrior
 13322 | D:10     | Noticed a fire dragon
 13428 | D:10     | Noticed a frost giant
 13429 | D:10     | Killed a fire dragon
 13429 | D:10     | Identified +0 fire dragon scales
 13429 | D:10     | Reached skill level 12 in Fighting
 13432 | D:10     | Noticed an ettin
 13433 | D:10     | Noticed a deep elf mage
 13868 | D:10     | Found Niom's Book Emporium.
 13901 | D:10     | Killed a deep elf mage
 14156 | D:10     | HP: 9/95 [ettin/+0 dire flail (20)]
 14164 | D:10     | Killed an ettin
 15061 | Lair:1   | Entered Level 1 of the Lair of Beasts
 15077 | Lair:1   | Reached skill level 12 in Dodging
 15102 | Lair:1   | Offered knowledge of Ignite Poison by Vehumet.
 15102 | Lair:1   | Reached XP level 12. HP: 55/103 MP: 12/21
 15466 | Lair:1   | Reached skill level 13 in Fighting
 15714 | Lair:1   | Noticed an eight-headed hydra
 15736 | Lair:1   | HP: 3/105 [seven-headed hydra (9)]
 15736 | Lair:1   | Slain by a seven-headed hydra

Vanquished Creatures
  An ettin (D:10)
  A fire dragon (D:10)
  Erica (D:10)
  A tengu warrior (D:10)
  An unseen horror (D:10)
  Pikel (D:6)
  A deep elf mage (D:10)
  A black mamba (Lair:1)
  Maggie (D:7)
  A komodo dragon (Lair:1)
  A troll (D:10)
  A queen bee (D:10)
  Grinder (D:6)
  Prince Ribbit (D:8)
  6 hippogriffs
  Eustachio (D:4)
  3 yaks (Lair:1)
  A water moccasin (Lair:1)
  8 porcupines
  A sky beast (D:10)
  A slave (D:6)
  7 orc warriors
  3 phantoms
  3 ogres
  5 black bears (D:9)
  A wolf (D:9)
  A necrophage (D:7)
  7 centaurs
  5 crocodiles
  3 big kobolds
  6 bullfrogs
  2 wyvern skeletons
  A scorpion (D:9)
  14 killer bees (D:10)
  2 howler monkeys
  2 crimson imps
  2 bullfrog zombies
  A jelly (D:10)
  5 hounds
  8 orc wizards
  A quasit (D:9)
  3 orc priests
  2 centaur skeletons
  Crazy Yiuf (D:3)
  An iguana (D:9)
  Natasha (thrice) (D:2)
  Ijyb (D:4)
  4 worker ants
  A killer bee zombie (D:8)
  2 hound zombies (D:9)
  5 worker ant zombies
  8 gnolls
  14 adders
  5 shadow imps
  2 adder zombies (D:5)
  An adder skeleton (D:8)
  2 worms
  A dart slug (D:3)
  5 leopard geckos
  60 orcs
  13 giant cockroaches
  8 goblins
  5 hobgoblins
  4 jackals
  2 quokkas (D:3)
  3 ball pythons
  10 bats
  16 frilled lizards
  19 kobolds
  A quokka skeleton (D:7)
  12 rats
  A butterfly (Lair:1)
329 creatures vanquished.

Vanquished Creatures (collateral kills)
  A hound (D:4)
  A jackal (Sewer)
2 creatures vanquished.

Vanquished Creatures (others)
  A slave (D:6)
  A crimson imp (D:6)
  A hound (D:6)
  3 gnolls (D:6)
6 creatures vanquished.

Grand Total: 337 creatures vanquished
